 Dungeon Crawl Stone Soup version 0.21-a0-216-g6d3fd91 (console) character file.

178 removed the Conjurer (level 5, -2/28 HPs)
             Began as a Kobold Wizard on Aug 23, 2017.
             Was an Initiate of Ru.
             Killed from afar by an orc wizard (7 damage)
             ... with a magic dart
             ... on level 3 of the Dungeon.
             The game lasted 00:05:15 (2518 turns).

removed the Conjurer (Kobold Wizard)                Turns: 2518, Time: 00:05:16

Health: -2/28      AC:  3    Str:  5    XL:     5   Next: 89%
Magic:  1/9        EV: 15    Int: 20    God:    Ru [......]
Gold:   95         SH:  0    Dex: 13    Spells: 4/10 levels left

rFire    . . .     SeeInvis .   a - +0 spear
rCold    . . .     Gourm    .   (shield restricted)
rNeg     . . .     Faith    .   n - +0 robe
rPois    .         Spirit   .   b - +0 hat
rElec    .         Reflect  .   r - scarf {repulsion}
rCorr    .         Harm     .   u - +0 pair of gloves
MR       .....                  (no boots)
Stlth    ++........             (no amulet)
HPRegen  0.09/turn              (no ring)
MPRegen  0.11/turn              (no ring)

@: repel missiles
A: carnivore 3
a: Renounce Religion


You were on level 3 of the Dungeon.
You worshipped Ru.
Ru was noncommittal.
You were completely stuffed.

You visited 1 branch of the dungeon, and saw 3 of its levels.

You collected 95 gold pieces.

Inventory:

Hand Weapons
 a - a +0 spear (weapon)
 s - a -3 short sword
Armour
 b - a +0 hat (worn)
 n - a +0 robe (worn)
 r - a scarf of repulsion (worn)
 u - a +0 pair of gloves (worn)
Scrolls
 e - a scroll of blinking
 g - 3 scrolls of remove curse
 w - a scroll of enchant weapon {unknown}
 y - a scroll of recharging {unknown}
 z - 2 scrolls of immolation {unknown}
 B - a scroll of teleportation {unknown}
Potions
 h - a potion of invisibility {unknown}
 i - a potion of heal wounds {unknown}
 j - a potion of cancellation {unknown}
 l - a potion of berserk rage {unknown}
 m - 2 potions of curing {unknown}
 p - a potion of lignification {unknown}
 v - a potion of degeneration {unknown}
 A - a potion of might {unknown}
 C - 2 potions of agility {unknown}
Books
 c - a book of Minor Magic

   Spells                             Type                      Level
   a - Magic Dart                     Conjuration                  1
   b - Blink                          Translocation                2
   c - Call Imp                       Summoning                    2
   d - Slow                           Hexes                        2
   e - Conjure Flame                  Conjuration/Fire             3
   f - Mephitic Cloud                 Conjuration/Poison/Air       3
Comestibles
 d - a meat ration
 k - 2 royal jellies


   Skills:
 - Level 2.4 Dodging
 - Level 2.6 Stealth
 - Level 3.2 Spellcasting
 + Level 5.3 Conjurations
   Level 1.0 Summonings
 - Level 1.0 Translocations


You had 4 spell levels left.
You knew the following spells:

 Your Spells              Type           Power        Failure   Level  Hunger
a - Magic Dart            Conj           ###.         1%          1    None
b - Conjure Flame         Conj/Fire      ##......     14%         3    ###....
l - Blink                 Tloc           N/A          14%         2    ##.....


Dungeon Overview and Level Annotations

Branches:
Dungeon (3/15)

Altars:
Nemelex Xobeh
Ru


Innate Abilities, Weirdness & Mutations

You are small and have problems with some larger weapons.
You are carnivorous and can eat meat at any time.


Message History

The orc wizard hits you with a dagger of speed.
You hit the orc wizard.
The orc wizard is heavily wounded.
The orc wizard closely misses you.
The orc wizard hits you with a dagger of speed!
* * * LOW HITPOINT WARNING * * *
You barely miss the orc wizard.
The orc wizard is heavily wounded.
The orc wizard hits you with a dagger of speed.
* * * LOW HITPOINT WARNING * * *
The orc wizard misses you.
The orc wizard gestures wildly while chanting.
The orc wizard blinks!
Things that are here:
a dagger; an orc corpse You hit the orc wizard.
The orc wizard is heavily wounded.
The orc wizard gestures at you while chanting.
The magic dart hits you!
You die...

##### #.# ....#
#.#
....############.#
..............##.#
....#########.##.#
#.### #.##.#
#.#### #.##w#
.....# #.##)#
.....# #.##@#
.....# #.#.##o#
#.#########.#....#
#...........#.####
#......####.....#
#...)...# #.#.#.#
#.......###.....#
#.....)..##.#.#.#
##.##...........#


You could see a worm and an orc wizard.

Vanquished Creatures
  An orc wizard (D:3)
  4 gnolls
  3 adders
  A dart slug (D:2)
  4 leopard geckos
  7 orcs (D:3)
  8 bats
  2 giant cockroaches
  10 goblins
  6 hobgoblins
  2 jackals
  A quokka (D:2)
  A ball python (D:2)
  5 frilled lizards
  8 kobolds
  7 rats
70 creatures vanquished.

Notes
Turn   | Place    | Note
-------+----------+-------------------------------------------
     0 | D:1      | removed the Kobold Wizard began the quest for the Orb.
     0 | D:1      | Reached XP level 1. HP: 10/10 MP: 4/4
   252 | D:1      | Reached XP level 2. HP: 15/15 MP: 4/6
   283 | D:1      | Reached skill level 2 in Conjurations
   888 | D:2      | Reached XP level 3. HP: 19/19 MP: 5/7
  1001 | D:2      | Reached skill level 3 in Conjurations
  1221 | D:2      | Found a sacrificial altar of Ru.
  1226 | D:2      | Reached XP level 4. HP: 24/24 MP: 2/8
  1380 | D:2      | Became a worshipper of Ru the Awakened
  1426 | D:2      | Learned a level 2 spell: Blink
  1430 | D:2      | Learned a level 3 spell: Conjure Flame
  1650 | D:3      | Reached skill level 4 in Conjurations
  1722 | D:3      | Found a sparkling altar of Nemelex Xobeh.
  1961 | D:3      | Reached XP level 5. HP: 28/28 MP: 4/9
  2387 | D:3      | Reached skill level 5 in Conjurations
  2518 | D:3      | Killed from afar by an orc wizard

Vault maps used:
D:1:      minmay_arrival_split_and_join
D:2:      nicolae_ru_sacrificial_ziggurat
D:3:      serial_glass, glass_columns_a, glass_columns_a, glass_columns_a,
          glass_columns_b, lemuel_tele_altar, uniq_crazy_yiuf_cottage

Skill      XL: |  1  2  3  4  5 |
---------------+----------------+-----
Conjurations   | 2 3 4 5 |  5.3
Dodging        | |  2.4
Stealth        | |  2.6
Spellcasting   | |  3.2
Summonings     | |  1.0
Translocations | |  1.0

Action                   |  1- 3 |  4- 6 || total
-------------------------+-------+-------++-------
Melee: Spear             |       |    10 ||    10
 Cast: Magic Dart        |    65 |    93 ||   158
  Use: Scroll            |       |     3 ||     3
  Eat: Chunk             |     9 |     4 ||    13
Armor: Robe              |     6 |       ||     6
Dodge: Dodged            |     9 |    15 ||    24
       Deflected         |       |     1 ||     1

Table legend:
 A = Spawn XP
 B = Non-spawn XP
 C = Spawn XP percentage of total XP
 D = Spawn monster count
 E = Non-spawn monster count
 F = Spawn count percentage of total count
 G = Total turns spent on level
                    A         B        C        D         E        F      G
               +---------+---------+-------+---------+---------+-------+---------
         Total |      36 |     219 |  14.1 |       8 |      62 |  11.4 |  2518
               +---------+---------+-------+---------+---------+-------+---------
           D:1 |       3 |      25 |  10.7 |       2 |      14 |  12.5 |   885
           D:2 |      15 |      67 |  18.3 |       3 |      25 |  10.7 |   918
           D:3 |      18 |     127 |  12.4 |       3 |      23 |  11.5 |   715
               +---------+---------+-------+---------+---------+-------+---------
